 Dungeon Crawl Stone Soup version 0.27.1-3-gb3d3a73c9e (webtiles) character file.

Game seed: 14178175483972960771

10385 Gabide the Cleaver (level 11, -8/67 (92) HPs)
             Began as a Human Artificer on Oct 26, 2021.
             Was a High Priest of Ashenzari.
             Killed from afar by Josephine (28 damage)
             ... with a ghostly fireball
             ... on level 10 of the Dungeon.
             The game lasted 00:57:21 (15212 turns).

Gabide the Cleaver (Human Artificer)               Turns: 15212, Time: 00:57:23

HP:   -8/67 (92)    AC: 12    Str: 15    XL:     11   Next: 92%
MP:   0/11          EV: 19    Int: 11    God:    Ashenzari [*****.]
Gold: 691           SH:  0    Dex: 15    Spells: 10/10 levels left

rFire    + . .     SeeInvis +   j - +1 battleaxe "Manifest Shame" {vorpal, Self, Evo} (curse)
rCold    + . .     Faith    .   (shield currently unavailable)
rNeg     . . .     Spirit   +   f - +0 ring mail "Oracular Negation" {Fort, Cun} (curse)
rPois    +         Reflect  .   (no helmet)
rElec    +         Harm     .   w - scarf "Gaze Upon Infinity" {+Inv, Evo, Bglg} (curse)
rCorr    +         Rampage  .   d - +0 pair of gloves of Cremastomancy {Melee, Comp} (curse)
Will     .....     Clarity  +   (no boots)
Stlth    ++........             H - amulet of Curses and Power {Spirit, Alch, Melee} (curse)
HPRegen  0.21/turn              y - ring of the Astrological Moon {EV+4, Elem, Evo} (curse)
MPRegen  0.12/turn              v - ring "Cursed Together" {AC+4, Melee, Alch} (curse)

@: resistant, hasted, studying Short Blades, very heavily drained, very quick
A: no striking features
a: Renounce Religion, Evoke Invisibility, Curse Item, Shatter the Chains


You were on level 10 of the Dungeon.
You worshipped Ashenzari.
Ashenzari was extremely pleased with you.
You visited 1 branch of the dungeon, and saw 10 of its levels.
You also visited: Ossuary.

You collected 691 gold pieces.

Inventory:

Hand Weapons
 a - the +3 war axe of Ejocut {holy, rC+ Int+5}
   (You found it on level 6 of the Dungeon)

   It has been blessed by the Shining One to cause great damage to the undead
   and demons.
   Int:       It affects your intelligence (+5).
   rC:        It protects you from cold.
 j - the cursed +1 battleaxe "Manifest Shame" (weapon) {vorpal, Self, Evo}
   (You found it on level 3 of the Dungeon)

   It inflicts extra damage upon your enemies.
   It has a curse which improves the following skills: Introspection: Fighting
   and Spellcasting.
   Evocations: Evocations.
 D - a +5 vorpal battleaxe
Missiles
 E - 4 throwing nets
Armour
 d - the cursed +0 pair of gloves of Cremastomancy (worn) {Melee, Comp}
   (You found it on level 5 of the Dungeon)

   It has a curse which improves the following skills: Melee Combat: Short
   Blades, Long Blades, Axes, Maces & Flails, Polearms, Staves and Unarmed
   Combat.
   Companions: Summonings and Necromancy.
 f - the cursed +0 ring mail "Oracular Negation" (worn) {Fort, Cun}
   (You found it on level 2 of the Dungeon)

   It has a curse which improves the following skills: Fortitude: Armour and
   Shields.
   Cunning:   Dodging and Stealth.
 u - a +1 leather armour of poison resistance
 w - the cursed scarf "Gaze Upon Infinity" (worn) {+Inv, Evo, Bglg}
   (You found it on level 6 of the Dungeon)

   It has a curse which improves the following skills: Evocations: Evocations.
   Beguiling: Conjurations, Hexes and Translocations.
Jewellery
 b - a ring of wizardry
 k - a ring of willpower
 l - a ring of fire
 n - a ring of protection from fire
 v - the cursed ring "Cursed Together" (right hand) {AC+4, Melee, Alch}
   (You found it on level 6 of the Dungeon)

   [ring of protection]

   AC:        It affects your AC (+4).
   It has a curse which improves the following skills: Melee Combat: Short
   Blades, Long Blades, Axes, Maces & Flails, Polearms, Staves and Unarmed
   Combat.
   Alchemy:   Poison Magic and Transmutations.
 y - the cursed ring of the Astrological Moon (left hand) {EV+4, Elem, Evo}
   (You found it on level 7 of the Dungeon)

   [ring of evasion]

   EV:        It affects your evasion (+4).
   It has a curse which improves the following skills: Elements: Fire Magic, Ice
   Magic, Air Magic and Earth Magic.
   Evocations: Evocations.
 F - a +4 ring of protection
 H - the cursed amulet of Curses and Power (around neck) {Spirit, Alch, Melee}
   (You found it on level 9 of the Dungeon)

   [amulet of guardian spirit]

   It causes incoming damage to be divided between your reserves of health and
   magic.
   It has a curse which improves the following skills: Alchemy: Poison Magic and
   Transmutations.
   Melee Combat: Short Blades, Long Blades, Axes, Maces & Flails, Polearms,
   Staves and Unarmed Combat.
Wands
 c - a wand of iceblast (1)
 t - a wand of polymorph (7)
Scrolls
 i - a scroll of amnesia
 q - a scroll of brand weapon
 C - a scroll of fog
Potions
 g - a potion of haste
 h - 2 potions of resistance
 m - a potion of ambrosia
 o - a potion of curing
 p - a potion of might
 r - a potion of magic
 z - a potion of berserk rage
 A - a potion of cancellation
 B - a potion of brilliance
 G - a potion of flight
Miscellaneous
 e - a piece from Xom's chessboard (14/15) (quivered)


   Skills:
 * Level 8.0(10.6) Fighting
 * Level 12.1(17.0) Axes
 - Level 2.0(9.8) Maces & Flails
 + Level 6.1(8.8) Armour
 * Level 6.8(9.5) Dodging
 + Level 3.4(5.8) Stealth
 + Level 4.6(9.6) Evocations


You had 10 spell levels left.
You didn't know any spells.
Your spell library contained the following spells:

 Spells                   Type           Power      Damage    Failure   Level
 Apportation              Tloc           0%         N/A       45%         1
 Corona                   Hex            0%         N/A       45%         1
 Freeze                   Ice            0%         1d3       45%         1
 Pain                     Necr           0%         1d4       45%         1
 Sandblast                Erth           0%         2d4       45%         1
 Passwall                 Tmut/Erth      0%         N/A       58%         2
 Ensorcelled Hibernation  Hex/Ice        0%         N/A       61%         2
 Ignite Poison            Fire/Tmut/Pois 1%         N/A       82%         3
 Frozen Ramparts          Ice            0%         1d2       83%         3
 Gell's Gravitas          Tloc           0%         N/A       83%         3
 Mephitic Cloud           Conj/Pois/Air  1%         N/A       83%         3
 Teleport Other           Tloc           0%         N/A       83%         3
 Tukima's Dance           Hex            0%         N/A       83%         3
 Airstrike                Air            0%         N/A       99%         4
 Hailstorm                Conj/Ice       0%         3d3       99%         4
 Summon Lightning Spire   Summ/Air       0%         N/A       99%         4
 Agony                    Necr           0%         N/A       100%        5
 Alistair's Intoxication  Tmut/Pois      0%         N/A       100%        5
 Bolt of Magma            Conj/Fire/Erth 0%         4d4       100%        5
 Excruciating Wounds      Necr           0%         N/A       100%        5
 Iskenderun's Battlesphe  Conj           0%         2d6       100%        5
 Lee's Rapid Deconstruct  Erth           0%         3d5*      100%        5
 Lightning Bolt           Conj/Air       0%         1d11      100%        5
 Dispersal                Tloc           0%         N/A       100%        6
 Invisibility             Hex            0%         N/A       100%        6
 Iron Shot                Conj/Erth      0%         9d1       100%        6
 Spellforged Servitor     Conj/Summ      0%         N/A       100%        7


Dungeon Overview and Level Annotations

Branches:
Dungeon (10/15)            Temple (0/1) D:6         Ossuary (visited)
   Lair: D:8-11         Orc: D:9-12

Altars:
Ashenzari
Dithmenos
Xom

Shops:
D:7 :

Annotations:
D:10 Josephine


Message History

You feel better. The wraith barely misses you.
Josephine hits you but does no damage. The wraith completely misses you.
You feel protected. The wraith completely misses you.
Josephine closely misses you. The wraith barely misses you.
You feel as though your hastened speed will last longer.
The wraith hits you but does no damage. Josephine completely misses you.
The wraith barely misses you.
You feel better. The wraith barely misses you. Josephine barely misses you.
The wraith hits you but does no damage.
You slash Josephine!
Josephine is moderately wounded.
You hit the wraith but do no damage. You slash the wraith!
You destroy the wraith!
Your piece from Xom's chessboard (14/15) has regained one charge.
You slash Josephine!
Josephine is heavily wounded.
You hit the wraith but do no damage. The wraith completely misses you.
Josephine misses you.
You slash Josephine!
Josephine is heavily wounded.
You barely miss the wraith.
You feel yourself speed up. The wraith hits you but does no damage.
Josephine hits you but does no damage.
You hit Josephine.
Josephine is severely wounded.
You hit the wraith but do no damage. Josephine hits you with a +0 dagger.
* * * LOW HITPOINT WARNING * * *
The wraith barely misses you.
Ashenzari invites you to partake of a vision and a curse of alchemy and ranged combat.
You closely miss Josephine.
Josephine is severely wounded.
You barely miss the wraith. You slash Josephine!
Josephine is almost dead.
You hit the wraith but do no damage.
Josephine points at you and mumbles some strange words.
The ghostly flame explodes!
The ghostly fireball engulfs you!!
You feel drained.
You die...

###### #....# ** *
#....############# ,, *
#....############# , ,,
###..............###
###..............### * *
###....#####'###.... ,,,, *
###@...#.......#.... , ,
......@.W..#.......#....
*,,
,...........#.......#....
,,,...........#########....
,, , ,...#####.....,,
,....... , * .. * ,,#..####
**.#####. , ,,, ,,.
,,,#..#, ,, ,* ##. ,, ,,*
,, ,, #..# , *, ##. ,, *, *
, ,, ,,, #.* ##.


You could see Josephine and a wraith (dazed).

Vanquished Creatures
  Harold (D:10)
  A boulder beetle (D:7)
  2 two-headed ogres (D:9)
  A manticore (D:10)
  A gargoyle (D:8)
  An unseen horror (D:6)
  A troll (D:7)
  2 slime creatures
  A meliai zombie (D:8)
  3 yaks (D:10)
  A vampire (D:9)
  2 wraiths (D:10)
  A wyvern (D:9)
  A warg (D:10)
  An acid dragon (D:9)
  A water moccasin (D:5)
  3 orc warriors
  2 sky beasts
  3 ogres
  A necrophage (D:6)
  5 centaurs
  4 wolves (D:10)
  A phantom (D:5)
  2 kobold brigands
  A bullfrog (D:8)
  2 scorpions
  3 gnoll sergeants
  3 water moccasin zombies
  14 killer bees (D:9)
  8 wights
  24 orcs
  3 howler monkeys (D:7)
  4 crimson imps (D:7)
  2 centaur zombies
  A jelly (D:6)
  4 orc priests
  4 hounds
  2 bullfrog skeletons (D:5)
  3 iguanas (D:5)
  2 orc wizards (D:3)
  A killer bee zombie (D:8)
  A hound skeleton (D:4)
  8 mummies (Ossuary)
  A howler monkey zombie (D:8)
  19 gnolls
  7 adders
  3 shadow imps
  2 ufetubi
  2 adder skeletons
  6 ball pythons
  9 endoplasms
  2 giant cockroaches (D:3)
  8 goblins
  7 hobgoblins
  A quokka (D:1)
  4 bats
  A frilled lizard (D:2)
  2 gnoll zombies (Ossuary)
  A hobgoblin zombie (Ossuary)
  14 kobolds
  5 kobold zombies (Ossuary)
  7 rats
233 creatures vanquished.

Vanquished Creatures (collateral kills)
  An ogre (D:5)
  A centaur (D:5)
  A wyvern skeleton (D:3)
  2 gnolls (D:5)
  An ufetubus (D:5)
  An adder skeleton (D:4)
  An endoplasm (D:4)
  A goblin (D:2)
  2 kobolds
  A quokka (D:2)
12 creatures vanquished.

Vanquished Creatures (others)
  A water moccasin (D:5)
  A hobgoblin (D:4)
2 creatures vanquished.

Grand Total: 247 creatures vanquished

Notes
Turn   | Place    | Note
-------+----------+-------------------------------------------
     0 | D:1      | Gabide the Human Artificer began the quest for the Orb.
     0 | D:1      | Reached XP level 1. HP: 15/15 MP: 1/1
   309 | D:1      | Reached XP level 2. HP: 9/21 MP: 2/2
  1379 | D:2      | Reached XP level 3. HP: 25/26 MP: 3/3
  1663 | D:2      | Found a faded altar of an unknown god.
  1666 | D:2      | Became a worshipper of Ashenzari the Shackled
  1828 | D:2      | Found a shadowy altar of Dithmenos.
  2059 | D:2      | Reached XP level 4. HP: 9/32 MP: 4/4
  2629 | D:2      | Reached skill level 1 in Maces & Flails
  3144 | D:3      | Reached XP level 5. HP: 14/37 MP: 5/5
  3676 | D:3      | Noticed an ogre
  3684 | D:3      | Killed an ogre
  3685 | D:3      | Reached skill level 1 in Axes
  3685 | D:3      | Reached XP level 6. HP: 7/44 MP: 6/6
  4546 | D:3      | Reached skill level 2 in Axes
  4845 | D:3      | Reached XP level 7. HP: 32/51 MP: 7/7
  5546 | D:4      | Reached skill level 3 in Axes
  6020 | D:5      | Entered Level 5 of the Dungeon
  6211 | D:5      | Reached skill level 4 in Axes
  6323 | D:5      | Noticed a water moccasin
  6331 | D:5      | Killed a water moccasin
  6332 | D:5      | Reached XP level 8. HP: 12/58 MP: 8/8
  6854 | D:5      | Reached skill level 5 in Axes
  7465 | D:5      | Reached * piety under Ashenzari
  7550 | D:5      | Reached skill level 6 in Axes
  7769 | D:5      | Reached XP level 9. HP: 38/67 MP: 9/9
  8127 | D:6      | Identified the +3 war axe of Ejocut {holy, rC+ Int+5}
  8137 | D:6      | Reached skill level 5 in Armour
  8218 | D:6      | Killed an unseen horror
  8219 | D:6      | Reached skill level 7 in Axes
  8425 | D:6      | Found a staircase to the Ecumenical Temple.
  8444 | D:6      | Reached ** piety under Ashenzari
  8539 | D:6      | Found a sand-covered staircase.
  8548 | Ossuary  | Entered an ossuary
  8946 | D:6      | Reached skill level 8 in Axes
  9338 | D:7      | Reached skill level 5 in Fighting
  9374 | D:7      | Noticed a troll
  9386 | D:7      | Killed a troll
  9387 | D:7      | Reached XP level 10. HP: 40/77 MP: 10/10
  9735 | D:7      | Found Big Let's Book Boutique.
  9932 | D:7      | Reached *** piety under Ashenzari
  9957 | D:7      | Found a shimmering altar of Xom.
  9963 | D:7      | Reached skill level 9 in Axes
  9968 | D:7      | Reached skill level 5 in Dodging
 10013 | D:7      | Noticed a boulder beetle
 10024 | D:7      | Killed a boulder beetle
 10429 | D:8      | Reached **** piety under Ashenzari
 10941 | D:8      | Reached skill level 10 in Axes
 11895 | D:8      | Noticed a gargoyle
 11901 | D:8      | Killed a gargoyle
 12180 | D:9      | Noticed a two-headed ogre
 12193 | D:9      | Killed a two-headed ogre
 12194 | D:9      | Reached XP level 11. HP: 23/89 MP: 11/11
 12503 | D:9      | Reached skill level 11 in Axes
 12720 | D:9      | Noticed a two-headed ogre
 12737 | D:9      | Killed a two-headed ogre
 13766 | D:9      | Reached ***** piety under Ashenzari
 14119 | D:10     | Entered Level 10 of the Dungeon
 14126 | D:10     | Noticed Grum
 14418 | D:10     | Noticed Grum
 14418 | D:10     | Grum changed into Grum the warg
 14427 | D:10     | Killed Grum the warg
 14780 | D:10     | Noticed a manticore
 14791 | D:10     | Killed a manticore
 14842 | D:10     | Noticed Harold
 14855 | D:10     | Killed Harold
 14856 | D:10     | Reached skill level 12 in Axes
 15192 | D:10     | Noticed Josephine
 15212 | D:10     | Killed from afar by Josephine

Illustrated notes

Levels and vault maps discovered:
D:1:      dpeg_arrival_windows_large_door, layout_basic
D:2:      layout_basic, basic_altar, shapermc_ecumenical_altar_mp_ritualfount,
          minmay_box_of_dots
D:3:      layout_loops_ring, chequers_serial_rivers_large_b,
          hangedman_glass_teeth
D:4:      layout_cave_pools, minmay_manual_moon
D:5:      wad_river_or_something, layout_basic, kennysheep_generic_room_8
D:6:      layout_basic, minmay_temple_entry_large_hall,
          nicolae_ossuary_entry_plus
D:7:      layout_basic, led_xom_imps, serial_shops, nicolae_stop_n_shop_1
D:8:      layout_layer_cave
D:9:      layout_gridville
D:10:     layout_irregular_city, small_statue_intersection, uniq_maurice,
          uniq_josephine, uniq_grum, uniq_harold

Skill      XL: |  1  2  3  4  5  6  7  8  9 10 11 |
---------------+----------------------------------+-----
Maces & Flails | 2 |  2.0
Armour         | 3 4 5 6 |  6.1
Fighting       | 2 3 5 6 8 |  8.0
Axes           | 1 2 4 6 8 10 12 | 12.1
Dodging        | 2 3 4 5 6 |  6.8
Evocations     | 4 |  4.6
Stealth        | 2 3 |  3.4

Action                   |  1- 3 |  4- 6 |  7- 9 | 10-12 || total
-------------------------+-------+-------+-------+-------++-------
Melee: Club              |    82 |    70 |       |       ||   152
       Battleaxe         |       |    40 |   207 |   310 ||   557
Invok: Curse Item        |       |       |     3 |     4 ||     7
 Abil: Evoke Invisibilit |       |       |       |     6 ||     6
Evoke: Wand              |    16 |     6 |    31 |     5 ||    58
       Piece from Xom's  |     1 |       |     6 |     3 ||    10
  Use: Scroll            |     3 |     2 |     3 |     6 ||    14
       Potion            |       |     1 |     2 |     9 ||    12
 Stab: Sleeping          |     1 |     1 |     2 |     3 ||     7
       Paralysed         |       |       |     3 |       ||     3
       Invisible         |       |       |       |    11 ||    11
       Petrified         |       |       |       |     2 ||     2
Armor: Leather armour    |    25 |     1 |       |       ||    26
       Ring mail         |       |    38 |   130 |    86 ||   254
Dodge: Dodged            |    52 |    72 |   158 |   346 ||   628
